 Dungeon Crawl Stone Soup version 0.29.1-12-g30fa7ad0bf (webtiles) character file.

Game seed: 2667276949637867348

2115 booth the Firebug (level 9, 0/68 HPs)
             Began as a Gnoll Wanderer on Jan 15, 2023.
             Was an Initiate of Gozag.
             Slain by a vampire (7 damage)
             ... on level 6 of the Dungeon.
             The game lasted 00:53:14 (6946 turns).

booth the Firebug (Gnoll Wanderer)                  Turns: 6946, Time: 00:53:14

Health: 0/68       AC:  9    Str: 11    XL:     9   Next: 29%
Magic:  0/16       EV: 13    Int: 19    God:    Gozag
Gold:   261        SH:  0    Dex: 15    Spells: 9/18 levels left

rFire   . . .      SeeInvis .   a - +0 quarterstaff (elec)
rCold   . . .      Faith    .   (shield currently unavailable)
rNeg    . . .      Spirit   +   g - +0 leather armour
rPois   +          Reflect  .   b - +2 helmet
rElec   .          Harm     .   (no cloak)
rCorr   .          Rampage  .   (no gloves)
Will    .....                   k - +1 pair of boots
Stlth   +.........              h - amulet of guardian spirit
HPRegen 0.21/turn               n - ring of poison resistance
MPRegen 0.15/turn               q - +6 ring of intelligence

@: confused, hasted, very quick
A: fangs 1, strong nose, distributed training
a: Renounce Religion, Potion Petition, Call Merchant, Bribe Branch


You were on level 6 of the Dungeon.
You worshipped Gozag.
Gozag was aware of your devotion.
You visited 2 branches of the dungeon, and saw 7 of its levels.

You collected 579 gold pieces.
You spent 246 gold pieces at shops.
You paid 72 gold pieces to Gozag.

Inventory:

Hand Weapons
 a - a +0 quarterstaff of electrocution (weapon)
 v - a +1 flail of protection
Missiles
 l - 5 atropa-tipped darts
 y - 3 boomerangs (quivered)
Armour
 b - a +2 helmet (worn)
 g - a +0 leather armour (worn)
 k - a +1 pair of boots (worn)
Magical Staves
 s - a staff of fire
Jewellery
 d - a ring of magical power
 h - an amulet of guardian spirit (around neck)
 n - a ring of poison resistance (left hand)
 q - a +6 ring of intelligence (right hand)
 x - a ring of wizardry
Wands
 t - a wand of polymorph (19)
Scrolls
 p - 6 scrolls of teleportation
 r - a scroll of brand weapon
 w - a scroll of poison {unknown}
Potions
 c - 2 potions of curing
 e - 2 potions of attraction
 f - 2 potions of ambrosia {unknown}
 j - a potion of invisibility
 m - 3 potions of brilliance
 u - a potion of flight {unknown}


   Skills:
 + Level 5.0 Fighting
 + Level 4.2 Short Blades
 + Level 4.2 Long Blades
 + Level 4.2 Axes
 + Level 4.2 Maces & Flails
 + Level 4.2 Polearms
 + Level 6.3 Staves
 + Level 4.2 Ranged Weapons
 + Level 5.0 Throwing
 + Level 5.0 Armour
 + Level 5.0 Dodging
 + Level 4.2 Stealth
 + Level 4.2 Shields
 + Level 4.2 Unarmed Combat
 + Level 5.2 Spellcasting
 + Level 3.5 Conjurations
 + Level 3.5 Hexes
 + Level 3.5 Summonings
 + Level 3.5 Necromancy
 + Level 3.5 Translocations
 + Level 3.5 Transmutations
 + Level 6.5 Fire Magic
 + Level 3.5 Ice Magic
 + Level 3.5 Air Magic
 + Level 3.5 Earth Magic
 + Level 3.5 Poison Magic
 + Level 4.7 Invocations
 + Level 4.2 Evocations


You had 9 spell levels left.
You knew the following spells:

 Your Spells              Type           Power      Damage    Failure   Level
a - Foxfire               Conj/Fire      96%        2x1d8     1%          1
b - Sting                 Tmut/Pois      72%        1d6       3%          1
c - Inner Flame           Hex/Fire       24%        N/A       6%          3
d - Poisonous Vapours     Pois/Air       36%        N/A       5%          2
e - Static Discharge      Conj/Air       18%        3-6/arc   5%          2

Your spell library contained the following spells:

 Spells                   Type           Power      Damage    Failure   Level
 Stone Arrow              Conj/Erth      36%        3d9       11%         3
 Flame Wave               Conj/Fire      24%        2d8       19%         4
 Animate Armour           Summ/Erth      36%        N/A       36%         4
 Olgreb's Toxic Radiance  Pois           18%        N/A       36%         4
 Lightning Bolt           Conj/Air       9%         1d21      71%         5
 Lehudib's Crystal Spear  Conj/Erth      9%         10d4      100%        8
 Maxwell's Capacitive Co  Air            9%         ∞         100%        8


Dungeon Overview and Level Annotations

Branches:
Dungeon (6/15)             Temple (1/1) D:4

Altars:
Ashenzari
Cheibriados
Dithmenos
Elyvilon
Gozag
Kikubaaqudgha
Makhleb
Nemelex Xobeh
Okawaru
Qazlal
Ru
Trog
Uskayaw
Vehumet
Wu Jian
Yredelemnul
Zin
The Shining One

Shops:
D:5 [   D:6 ?[


Innate Abilities, Weirdness & Mutations

You have very sharp teeth.
Your uncanny sense of smell can sniff out nearby items.
Your experience applies equally to all skills.


Message History

You bump into the rock wall.
Something hits you.
* * * LOW HITPOINT WARNING * * *
Something bites you but does no damage.
You barely miss something.
You feel less confused. Something hits you.
* * * LOW HITPOINT WARNING * * *
Something barely misses you.
Casting: Foxfire (safe; 1% risk of failure)
Confirm with . or Enter, or press ? or * to list all spells.
You conjure some foxfire!
You hit something but do no damage.
The foxfire hits something but does no damage.
Something hits you.
* * * LOW HITPOINT WARNING * * *
Something bites you but does no damage.
You feel much better.
You hear some strange, mumbled words.
You are confused.
You bump into the rock wall.
You're too confused to move!
Something hits you. Something bites you!
Something draws strength from your injuries!
You bump into the rock wall.
Something barely misses you. Something bites you but does no damage.
You bump into the rock wall.
You bump into the metal wall.
Something hits you!
* * * LOW HITPOINT WARNING * * *
Something bites you!
* * * LOW HITPOINT WARNING * * *
Something draws strength from your injuries!
You're too confused to move!
You hear some strange, mumbled words.
You are more confused.
You miss something. Something hits you but does no damage. Something bites you.
* * * LOW HITPOINT WARNING * * *
Something draws strength from your injuries!
Something hits you!
You die...
Your body crumbles into a pile of gold.

##........#
###..####.# $
#..#)# #.#
##.#.# #.#
#..#.######
..#....#
#.###.### ..
#..### #...#@.#
##.###{# #..
#..#######
...#..#...h....
##.###.#......Y.
.. . .........
.. .##.....>...
#. #......... .
#.........


There were no monsters in sight!

Vanquished Creatures
  Duvessa (D:6)
  2 black bears
  An orc warrior (D:6)
  A sky beast (D:6)
  3 ice beasts (D:6)
  An ogre (D:6)
  3 phantoms
  3 scorpions
  A necrophage (D:5)
  5 wights (D:6)
  Dowan (D:6)
  3 hounds
  2 orc priests
  A jelly (D:5)
  A gnoll bouda (D:5)
  Jessica (D:3)
  Ijyb (D:5)
  An iguana (D:6)
  Natasha (twice) (D:3)
  An orc wizard (D:5)
  6 adders
  An ufetubus (D:5)
  4 worms
  A dart slug (D:2)
  10 orcs
  7 bats
  6 endoplasms
  4 giant cockroaches
  9 goblins
  8 hobgoblins
  3 jackals (D:4)
  6 kobolds
  5 quokkas
  11 ball pythons
  3 frilled lizards
  4 rats
123 creatures vanquished.

Vanquished Creatures (others)
  153 foxfires
  6 plants (D:6)
159 creatures vanquished.

Grand Total: 282 creatures vanquished

Notes
Turn   | Place    | Note
-------+----------+-------------------------------------------
     0 | D:1      | booth the Gnoll Wanderer began the quest for the Orb.
     0 | D:1      | booth set off with the following items: a +0 quarterstaff,
                  | a +0 helmet, a potion of heal wounds, a +0 robe; and the
                  | following spell memorised: Foxfire; and the following
                  | spells available to memorise: Inner Flame, Flame Wave.
     0 | D:1      | Reached XP level 1. HP: 17/17 MP: 4/4
   303 | D:1      | Reached XP level 2. HP: 20/23 MP: 5/5
   846 | D:1      | Learned a level 1 spell: Sting
   897 | D:1      | Reached XP level 3. HP: 28/28 MP: 5/7
  1325 | D:2      | Reached skill level 1 in Invocations
  1401 | D:2      | Noticed a scorpion
  1422 | D:2      | Killed a scorpion
  1423 | D:2      | Reached skill level 1 in Short Blades
  1423 | D:2      | Reached skill level 1 in Long Blades
  1423 | D:2      | Reached skill level 1 in Axes
  1423 | D:2      | Reached skill level 1 in Maces & Flails
  1423 | D:2      | Reached skill level 1 in Polearms
  1423 | D:2      | Reached skill level 1 in Ranged Weapons
  1423 | D:2      | Reached skill level 1 in Stealth
  1423 | D:2      | Reached skill level 1 in Shields
  1423 | D:2      | Reached skill level 1 in Unarmed Combat
  1423 | D:2      | Reached skill level 1 in Conjurations
  1423 | D:2      | Reached skill level 1 in Hexes
  1423 | D:2      | Reached skill level 1 in Summonings
  1423 | D:2      | Reached skill level 1 in Necromancy
  1423 | D:2      | Reached skill level 1 in Translocations
  1423 | D:2      | Reached skill level 1 in Transmutations
  1423 | D:2      | Reached skill level 1 in Ice Magic
  1423 | D:2      | Reached skill level 1 in Air Magic
  1423 | D:2      | Reached skill level 1 in Earth Magic
  1423 | D:2      | Reached skill level 1 in Poison Magic
  1423 | D:2      | Reached skill level 1 in Evocations
  1423 | D:2      | Reached XP level 4. HP: 25/34 MP: 1/8
  1847 | D:2      | Reached XP level 5. HP: 39/40 MP: 6/9
  2368 | D:3      | Noticed Natasha
  2379 | D:3      | Killed Natasha
  2466 | D:3      | Noticed a black bear
  2480 | D:3      | Killed a black bear
  2481 | D:3      | Reached XP level 6. HP: 30/47 MP: 4/11
  2531 | D:3      | Reached skill level 5 in Staves
  2758 | D:3      | Noticed Jessica
  2768 | D:3      | Killed Jessica
  2896 | D:3      | Noticed Natasha
  2901 | D:3      | Killed Natasha
  3419 | D:4      | Reached XP level 7. HP: 41/52 MP: 8/12
  3536 | D:4      | Learned a level 3 spell: Inner Flame
  3539 | D:4      | Learned a level 2 spell: Poisonous Vapours
  3542 | D:4      | Learned a level 2 spell: Static Discharge
  3871 | D:4      | Found a staircase to the Ecumenical Temple.
  3880 | Temple   | Entered the Ecumenical Temple
  4009 | Temple   | Became a worshipper of Gozag Ym Sagoz the Greedy
  4204 | D:5      | Entered Level 5 of the Dungeon
  4224 | D:5      | Noticed Ijyb
  4240 | D:5      | Killed Ijyb
  4697 | D:5      | Found a sacrificial altar of Ru.
  4908 | D:5      | Found Pebet's Antique Armour Emporium.
  5191 | D:5      | Reached XP level 8. HP: 38/60 MP: 5/14
  5634 | D:6      | Noticed Duvessa
  5634 | D:6      | Noticed Dowan
  5714 | D:6      | Found Piug's Magic Scroll Shoppe.
  5719 | D:6      | Bought a scroll of brand weapon for 123 gold pieces
  5719 | D:6      | Bought a scroll of identify for 26 gold pieces
  5719 | D:6      | Bought a scroll of enchant armour for 97 gold pieces
  5802 | D:6      | Found Qizecwo's Antique Armour Shoppe.
  6340 | D:6      | Killed Duvessa
  6342 | D:6      | Killed Dowan
  6352 | D:6      | Reached XP level 9. HP: 55/66 MP: 3/16
  6613 | D:6      | Reached skill level 5 in Spellcasting
  6892 | D:6      | Reached skill level 5 in Fighting
  6892 | D:6      | Reached skill level 5 in Throwing
  6892 | D:6      | Reached skill level 5 in Armour
  6892 | D:6      | Reached skill level 5 in Dodging
  6946 | D:6      | Slain by a vampire

Illustrated notes

Levels and vault maps discovered:
D:1:      lemuel_arrival_hallway, layout_basic
D:2:      layout_loops_ring, st_stairs_13, due_unseen_surprise
D:3:      layout_basic, item_on_display_a, uniq_natasha, uniq_jessica
D:4:      layout_cave_pools, minmay_temple_entry_hall, eino_tiny_chamber
D:5:      layout_loops_corners, nicolae_ru_sacrificial_ziggurat, serial_shops,
          nicolae_lakefront_shop, cheibrodos_sewer_entry_bend,
          kennysheep_generic_room_13, uniq_ijyb
D:6:      layout_loops_ring, gammafunk_ghost_gnarly_gnolls, serial_shops,
          nicolae_shop_hallway_plus, shop, nicolae_shop_behind_doors,
          kennysheep_doodads, minmay_three_doors, uniq_duvessa
Temple:   minmay_crystal_spiral_temple

Skill      XL: |  1  2  3  4  5  6  7  8  9 |
---------------+----------------------------+-----
Invocations    | 1 2 3 4 |  4.7
Short Blades   | 1 2 3 4 |  4.2
Long Blades    | 1 2 3 4 |  4.2
Axes           | 1 2 3 4 |  4.2
Maces & Flails | 1 2 3 4 |  4.2
Polearms       | 1 2 3 4 |  4.2
Ranged Weapons | 1 2 3 4 |  4.2
Stealth        | 1 2 3 4 |  4.2
Shields        | 1 2 3 4 |  4.2
Unarmed Combat | 1 2 3 4 |  4.2
Spellcasting   | 3 4 5 |  5.2
Conjurations   | 1 2 3 |  3.5
Hexes          | 1 2 3 |  3.5
Summonings     | 1 2 3 |  3.5
Necromancy     | 1 2 3 |  3.5
Translocations | 1 2 3 |  3.5
Transmutations | 1 2 3 |  3.5
Ice Magic      | 1 2 3 |  3.5
Air Magic      | 1 2 3 |  3.5
Earth Magic    | 1 2 3 |  3.5
Poison Magic   | 1 2 3 |  3.5
Evocations     | 1 2 3 4 |  4.2
Fighting       | 3 4 5 |  5.0
Throwing       | 3 4 5 |  5.0
Armour         | 3 4 5 |  5.0
Dodging        | 3 4 5 |  5.0
Staves         | 5 6 |  6.3
Fire Magic     | 6 |  6.5

Action                   |  1- 3 |  4- 6 |  7- 9 || total
-------------------------+-------+-------+-------++-------
Melee: Quarterstaff      |    86 |    84 |   191 ||   361
       Bite              |     6 |     9 |    22 ||    37
       Unarmed           |       |       |     9 ||     9
Throw: Boomerang         |       |       |     2 ||     2
 Cast: Foxfire           |    12 |    40 |    40 ||    92
       Sting             |       |     1 |     7 ||     8
       Poisonous Vapours |       |       |     7 ||     7
       Inner Flame       |       |       |     1 ||     1
       Static Discharge  |       |       |     4 ||     4
  Use: Potion            |     1 |       |     3 ||     4
       Scroll            |       |     1 |    11 ||    12
 Stab: Sleeping          |       |       |     1 ||     1
       Distracted        |       |       |     1 ||     1
Armor: Robe              |    32 |    18 |       ||    50
       Leather armour    |       |    15 |    57 ||    72
       Skin              |       |       |    14 ||    14
Dodge: Dodged            |    56 |    71 |   111 ||   238
